 Dungeon Crawl Stone Soup version 0.27.1-4-g1640c2035a (webtiles) character file.

Game seed: 18391677486300506983

0 Jango the Magician (level 1, 0/15 HPs)
             Began as a Djinni Fire Elementalist on Nov 3, 2021.
             Slain by a rat (2 damage)
             ... on level 1 of the Dungeon.
             The game lasted 00:06:44 (76 turns).

Jango the Magician (Djinni Fire Elementalist)         Turns: 76, Time: 00:07:07

Health: 0/15       AC:  2    Str:  7    XL:     1   Next: 11%
Gold:   0          EV: 12    Int: 16    God:
                   SH:  0    Dex: 13

rFire    + + .     SeeInvis .   (no weapon)
rCold    x . .     Faith    .   (no shield)
rNeg     . . .     Spirit   .   a - +0 robe
rPois    ∞         Reflect  .   (no helmet)
rElec    .         Harm     .   (no cloak)
rCorr    .         Rampage  .   (no gloves)
Will     .....                  (boots unavailable)
Stlth    ++........             (no amulet)
HPRegen  0.05/turn              (no ring)
MPRegen  0.00/turn              (no ring)

@: flying, very slightly contaminated
A: sickness immunity, fire resistance 2, cold vulnerability 1, float, innate
caster, hp casting, extra vitality 1
a: no special abilities


You were on level 1 of the Dungeon.
You visited 1 branch of the dungeon, and saw 1 of its levels.

Inventory:

Armour
 a - a +0 robe (worn)


   Skills:
 + Level 2.1 Dodging
 + Level 1.5 Stealth
 + Level 2.4 Spellcasting


You couldn't memorise any spells.
You knew the following spells:

 Your Spells              Type           Power      Damage    Failure   Level
a - Foxfire               Conj/Fire      36%        2x1d5     8%          1
b - Conjure Flame         Conj/Fire      9%         6-21      22%         3
c - Inner Flame           Hex/Fire       9%         N/A       22%         3
d - Sticky Flame          Conj/Fire      9%         2d3       58%         4
e - Fireball              Conj/Fire      4%         3d4       90%         5
Your spell library was empty.

Dungeon Overview and Level Annotations

Branches:
Dungeon (1/15)

Altars:


Innate Abilities, Weirdness & Mutations

You are immune to sickness and miasma.
You are immune to poison.
Your flesh is very heat resistant. (rF++)
You are vulnerable to cold. (rC-)
You float through the air rather than walking.
You learn spells naturally, not from books.
Your magical power is your life essence.
You have superior vitality. (+4 HP)


Message History

The rat closely misses you.
You hit the rat but do no damage.
The rat is severely wounded.
You barely miss the rat.
The rat is severely wounded.
The rat bites you.
You hit the rat but do no damage.
The rat is severely wounded.
The kobold hits you but does no damage. The rat barely misses you.
You closely miss the rat.
The rat is severely wounded.
The kobold hits you with a +0 short sword.
The rat misses you.
You hit the rat.
You kill the rat!
The kobold barely misses you. The rat bites you.
You closely miss the rat. The kobold barely misses you.
The rat closely misses you.
You closely miss the rat. The kobold barely misses you. The rat bites you.
The rat closely misses you.
You are too injured to fight recklessly!
You are too injured to fight recklessly!
You are too injured to fight recklessly!
You are too injured to fight recklessly!
You are too injured to fight recklessly!
You are too injured to fight recklessly!
The kobold throws a stone.
The stone hits you but does no damage. The rat bites you but does no damage.
The rat closely misses you. The rat bites you.
The kobold hits you with a +0 short sword.
* * * LOW HITPOINT WARNING * * *
You see here a staff of earth.
Cast which spell? (? or * to list)
You miscast Foxfire.
You are very lightly contaminated with residual magic.
Nothing appears to happen.
* * * LOW HITPOINT WARNING * * *
The rat bites you.
You die...

#.### #...## #....#
#########
#...###...8...##
######...##..8...8..## .
....#....#8.........8#..
........†...8..(r.8.....
###.##...#8....Kr...8#..
#r##...##..8.<@8..##
#.##...###...8...##
###.##...# #########
........## ###...###
.....## ....$. ####.##
#.#


You could see a kobold and 2 rats.

Vanquished Creatures
  A rat (D:1)
1 creature vanquished.

Notes
Turn   | Place    | Note
-------+----------+-------------------------------------------
     0 | D:1      | Jango the Djinni Fire Elementalist began the quest for the
                  | Orb.
     0 | D:1      | Reached XP level 1. HP: 15/15 MP: 0/0
    76 | D:1      | Slain by a rat

Illustrated notes

Levels and vault maps discovered:
D:1:      erik_arrival_orb_chamber, layout_loops_ring,
          shapermc_ecumenical_altar_totnotflames

Action                   || total
-------------------------++-------
Melee: Unarmed           ||     8
Armor: Robe              ||     3
Dodge: Dodged            ||    14
